 Dungeon Crawl Stone Soup version 0.30-a0-557-ge2afbf3030 (webtiles) character file.

Game seed: 5121542898620270978

8446 junb the Fighter (level 11, -4/78 HPs)
             Began as an Octopode Gladiator on Dec 27, 2022.
             Was a Believer of Nemelex Xobeh.
             Slain by a slime creature (11 damage)
             ... on level 9 of the Dungeon.
             The game lasted 01:10:32 (14126 turns).

junb the Fighter (Octopode Gladiator)              Turns: 14126, Time: 01:10:32

Health: -4/78      AC:  1    Str: 16    XL:     11   Next: 31%
Magic:  0/30       EV: 15    Int: 17    God:    Nemelex Xobeh [**....]
Gold:   316        SH:  5    Dex: 13    Spells: 19/24 levels left

rFire   . . .      SeeInvis .    B - +5 morningstar of Muttering Slow Death {drain, rElec rCorr Int+4}
rCold   . . .      Faith    .    C - +0 buckler
rNeg    . . .      Spirit   .    b - +0 hat
rPois   .          Reflect  .    (no amulet)
rElec   +          Harm     .    r - ring of magical power
rCorr   +          Rampage  .    u - ring of wizardry
Will    .....                    c - ring of resist corrosion
Stlth   ++                       (no ring)
HPRegen 0.33/turn                (no ring)
MPRegen 0.22/turn                (no ring)
                                 (no ring)
                                 (no ring)

@: very slightly contaminated
A: almost no armour, amphibious, 8 rings, camouflage 1, gelatinous body 1,
(nimble swimmer 1), tentacles, sense surroundings 1
a: Renounce Religion, Draw Escape, Draw Destruction, Draw Summoning


You were on level 9 of the Dungeon.
You worshipped Nemelex Xobeh.
Nemelex Xobeh was pleased with you.
You visited 2 branches of the dungeon, and saw 11 of its levels.

You collected 316 gold pieces.

Inventory:

Hand Weapons
 B - the +5 morningstar of Muttering Slow Death (weapon) {drain, rElec rCorr Int+4}
   (You found it on level 6 of the Dungeon)

   A truly terrible weapon, it drains the life of any living foe it strikes.
   Int:       It affects your intelligence (+4).
   rElec:     It insulates you from electricity.
   rCorr:     It protects you from acid and corrosion.
 D - the +8 rapier "Jes Pabb" {heavy, rCorr}
   (You found it on level 9 of the Dungeon)

   It deals dramatically more damage, but attacks with it are much slower.
   rCorr:     It protects you from acid and corrosion.
Missiles
 a - a throwing net (quivered)
Armour
 b - a +0 hat (worn)
 C - a +0 buckler (worn)
Jewellery
 c - a ring of resist corrosion (on tentacle)
 r - a ring of magical power (left tentacle)
 u - a ring of wizardry (right tentacle)
Wands
 d - a wand of charming (11)
 j - a wand of mindburst (21)
Scrolls
 e - a scroll of silence {unknown}
 g - 3 scrolls of teleportation
 h - a scroll of enchant armour {unknown}
 i - 2 scrolls of poison {unknown}
 l - a scroll of blinking
 m - a scroll of summoning {unknown}
 n - a scroll of vulnerability {unknown}
 q - 2 scrolls of fear
 v - a scroll of torment {unknown}
 x - a scroll of magic mapping {unknown}
 y - 3 scrolls of amnesia {unknown}
Potions
 f - a potion of attraction {unknown}
 p - 3 potions of might
 s - a potion of degeneration {unknown}
 t - 6 potions of curing
 w - a potion of resistance {unknown}
 z - 2 potions of cancellation {unknown}
 A - 2 potions of haste


   Skills:
 - Level 8.4 Fighting
 - Level 4.8 Long Blades
 - Level 2.0 Throwing
 * Level 7.3 Dodging
 * Level 4.0 Shields
 - Level 7.0 Spellcasting
 - Level 3.1 Conjurations
 - Level 6.2 Earth Magic
 - Level 7.2 Invocations


You had 19 spell levels left.
You knew the following spells:

 Your Spells              Type           Power      Damage    Failure   Level
a - Stone Arrow           Conj/Erth      44%        3d9       2%          3
b - Passwall              Tmut/Erth      13%        N/A       2%          2

Your spell library contained the following spells:

 Spells                   Type           Power      Damage    Failure   Level
 Magic Dart               Conj           64%        1d6       1%          1
 Sandblast                Erth           54%        2d13      1%          1
 Searing Ray              Conj           32%        2d5       2%          2
 Cigotuvi's Dreadful Rot  Necr/Pois/Air  10%        N/A       9%          2
 Vhi's Electric Charge    Tloc/Air       10%        N/A       17%         3
 Fulminant Prism          Conj/Hex       5%         3d6       28%         4
 Arcjolt                  Conj/Air       5%         1d15      61%         5
 Silence                  Hex/Air        2%         N/A       82%         5
 Borgnjor's Revivificati  Necr           2%         N/A       100%        8
 Maxwell's Capacitive Co  Air            2%         ∞         100%        8


Dungeon Overview and Level Annotations

Branches:
Dungeon (10/15)            Temple (1/1) D:6
   Lair: D:8-11         Orc: D:9-12

Altars:
Elyvilon
Fedhas
Gozag
Hepliaklqana
Kikubaaqudgha
Makhleb
Nemelex Xobeh
Okawaru
Qazlal
Ru
Sif Muna
Trog
Uskayaw
Vehumet
Wu Jian
Xom
Yredelemnul
The Shining One

Shops:
D:4 [*::

Annotations:
D:4 Blork the orc, Edmund
D:9 exclusion: ice statue
D:10 exclusion: fungus


Innate Abilities, Weirdness & Mutations

You cannot wear most types of armour.
You are amphibious.
You can wear up to eight rings at the same time.
Your skin changes colour to match your surroundings (Stealth+).
Your rubbery body absorbs attacks. (AC +1, EV +1)
((You are camouflaged when in or above water. (Stealth+)))
You have tentacles for arms and can constrict up to eight enemies at once.
You passively map a small area around you.


Message History

Aim: a slime creature (lightly wounded, 94% to hit)
The stone arrow hits the slime creature!
The slime creature is heavily wounded.
You block the slime creature's attack.
Casting: Stone Arrow (mildly dangerous; 2% risk of failure)
Confirm with . or Enter, or press ? or * to list all spells.
Aiming: Stone Arrow (mildly dangerous; 2% risk of failure)
Press: ? - help, Shift-Dir - straight line, f/p - slime creature
Aim: a slime creature (heavily wounded, 94% to hit)
You miscast Stone Arrow.
You are very lightly contaminated with residual magic.
Nothing appears to happen.
The slime creature completely misses you.
Casting: Stone Arrow (mildly dangerous; 2% risk of failure)
Confirm with . or Enter, or press ? or * to list all spells.
Aiming: Stone Arrow (mildly dangerous; 2% risk of failure)
Press: ? - help, Shift-Dir - straight line, f/p - slime creature
Aim: a slime creature (moderately wounded, 94% to hit)
The stone arrow hits the slime creature!!
The slime creature is severely wounded.
The slime creature hits you!!
Casting: Stone Arrow (mildly dangerous; 2% risk of failure)
Confirm with . or Enter, or press ? or * to list all spells.
Aiming: Stone Arrow (mildly dangerous; 2% risk of failure)
Press: ? - help, Shift-Dir - straight line, f/p - slime creature
Aim: a slime creature (severely wounded, 94% to hit)
The stone arrow hits the slime creature!
The slime creature is almost dead.
The slime creature hits you.
Casting: Stone Arrow (mildly dangerous; 2% risk of failure)
Confirm with . or Enter, or press ? or * to list all spells.
You don't have enough magic to cast this spell.
Unknown command.
The slime creature attacks as you move away!
The slime creature hits you!!
* * * LOW HITPOINT WARNING * * *
The slime creature attacks as you move away!
The slime creature hits you!
You die...
Your body glows slightly and disappears.

#.....##.#....... #######
#####.....##.#....... ......#
#.........##.###..... ......#
#.........##.#....... ......##
#.........##.#.###... .......#
#.....######.#...#... .......#
#.....# #........#...
.......######.....###........#...
.......#........@J.[..(.......§..
####>....########.###<.........#.
###.[..............#.?.[.#.##...
#....#[##...####.#.#....#.......
#......##...##...#.####.#...#...
#.....[......#.###.# #.#.......
#....#..#....#.....# #.###..<..
###.###......##########.####....
####.# #......####............$..


You could see a slime creature.

Vanquished Creatures
  A kobold demonologist (D:9)
  Maggie (D:6)
  A komodo dragon (D:10)
  A troll (D:10)
  A slime creature (D:9)
  3 wyverns
  3 wraiths
  3 yaks
  Grum (D:8)
  2 steam dragons
  Menkaure (D:5)
  2 acid dragons
  4 water moccasins
  4 black bears
  2 orc warriors (D:6)
  An ice beast (D:7)
  An ogre (D:5)
  4 wolves (D:8)
  3 centaurs
  2 phantoms
  3 bullfrogs
  3 kobold brigands
  3 scorpions
  A gnoll sergeant (D:7)
  14 wights
  9 killer bees
  4 electric eels (D:7)
  A bullfrog zombie (D:4)
  A centaur zombie (D:4)
  6 orc priests
  Crazy Yiuf (D:6)
  7 hounds
  3 iguanas
  8 orc wizards
  A scorpion zombie (D:4)
  A hound skeleton (D:4)
  9 adders
  4 gnolls (D:7)
  A shadow imp (D:7)
  A white imp (D:4)
  2 ufetubi
  An adder zombie (D:4)
  An adder skeleton (D:4)
  2 worms
  3 dart slugs
  20 orcs
  4 bats
  12 endoplasms
  7 giant cockroaches
  7 goblins
  5 hobgoblins
  4 jackals
  A quokka (D:1)
  6 ball pythons
  A frilled lizard (D:3)
  26 kobolds
  14 rats
238 creatures vanquished.

Vanquished Creatures (collateral kills)
  3 yaks (D:8)
3 creatures vanquished.

Vanquished Creatures (others)
  43 fungi
  54 plants
  A withered plant (D:4)
98 creatures vanquished.

Grand Total: 339 creatures vanquished

Notes
Turn   | Place    | Note
-------+----------+-------------------------------------------
     0 | D:1      | junb the Octopode Gladiator began the quest for the Orb.
     0 | D:1      | Reached XP level 1. HP: 14/14 MP: 1/1
     1 | D:1      | Found a runed translucent door.
    73 | D:1      | Reached XP level 2. HP: 8/19 MP: 2/2
   570 | D:1      | Reached XP level 3. HP: 15/24 MP: 3/3
  1041 | D:2      | Reached XP level 4. HP: 27/29 MP: 4/4
  1339 | D:3      | Found an ancient bone altar of Kikubaaqudgha.
  1705 | D:3      | Found a stormy altar of Qazlal.
  1961 | D:3      | Gained mutation: You passively map a small area around you.
                  | [potion of mutation]
  1967 | D:3      | HP: 1/30 [orc wizard/puff of flame (9)]
  1975 | D:3      | Reached skill level 3 in Fighting
  2096 | D:3      | Reached XP level 5. HP: 32/36 MP: 5/5
  2384 | D:4      | Noticed Edmund
  2403 | D:4      | Learned a level 3 spell: Stone Arrow
  2429 | D:4      | Found Ymposuany's Assorted Antiques.
  2640 | D:4      | Reached skill level 1 in Conjurations
  2640 | D:4      | Reached skill level 1 in Earth Magic
  2648 | D:4      | Reached XP level 6. HP: 31/43 MP: 6/6
  2824 | D:4      | Got the Textbook on Macabre Conduction
  2842 | D:4      | Learned a level 2 spell: Passwall
  3091 | D:4      | Found Tuluej's Book Shoppe.
  3114 | D:4      | Found Kyil's Book Shop.
  3166 | D:4      | Found Besoluykk's Armour Shop.
  3411 | D:4      | Noticed Blork the orc
  3480 | D:4      | Noticed a black bear
  3493 | D:4      | Killed a black bear
  3494 | D:4      | Reached XP level 7. HP: 47/47 MP: 7/7
  3895 | D:5      | Entered Level 5 of the Dungeon
  3918 | D:5      | Reached skill level 1 in Spellcasting
  4799 | D:5      | Noticed Menkaure
  4803 | D:5      | Killed Menkaure
  4804 | D:5      | Reached skill level 5 in Earth Magic
  4804 | D:5      | Reached XP level 8. HP: 54/54 MP: 12/12
  5100 | D:6      | Found a runed translucent door.
  5101 | D:6      | Noticed Crazy Yiuf
  5110 | D:6      | Killed Crazy Yiuf
  5301 | D:6      | Noticed Maggie
  5482 | D:6      | Found a staircase to the Ecumenical Temple.
  5501 | Temple   | Entered the Ecumenical Temple
  5719 | Temple   | Became a worshipper of Nemelex Xobeh the Trickster
  5798 | D:6      | Killed Maggie
  6137 | D:6      | Reached skill level 4 in Fighting
  6371 | D:6      | Identified the +5 morningstar of Muttering Slow Death
                  | {drain, rElec rCorr Int+4}
  6571 | D:6      | Reached XP level 9. HP: 60/60 MP: 13/16
  6679 | D:6      | Reached skill level 5 in Fighting
  7053 | D:6      | Reached skill level 5 in Spellcasting
  7672 | D:7      | Reached skill level 5 in Dodging
  7732 | D:7      | Reached * piety under Nemelex Xobeh
  8343 | D:7      | Found a white marble altar of Elyvilon.
  8762 | D:7      | Received a gift from Nemelex Xobeh
  9183 | D:8      | Reached skill level 1 in Invocations
  9655 | D:8      | Reached ** piety under Nemelex Xobeh
  9662 | D:8      | Reached XP level 10. HP: 61/68 MP: 19/20
  9886 | D:8      | Reached skill level 6 in Fighting
 10227 | D:8      | Noticed Grum
 10456 | D:8      | Killed Grum
 10516 | D:9      | Noticed an ice statue
 10727 | D:9      | Identified the +8 rapier "Jes Pabb" {heavy, rCorr}
 10838 | D:9      | Reached skill level 5 in Invocations
 10865 | D:9      | Reached skill level 7 in Fighting
 10983 | D:9      | Noticed a kobold demonologist
 11033 | D:9      | Killed a kobold demonologist
 11603 | D:8      | Reached skill level 8 in Fighting
 12575 | D:10     | Entered Level 10 of the Dungeon
 12696 | D:10     | Reached skill level 1 in Shields
 12696 | D:10     | Reached XP level 11. HP: 27/78 MP: 11/21
 13096 | D:10     | Found a hide-covered altar of Uskayaw.
 13096 | D:10     | Found a hazy altar of Hepliaklqana.
 14126 | D:9      | Slain by a slime creature

Illustrated notes

Levels and vault maps discovered:
D:1:      dpeg_arrival_caged_fury, layout_basic, serial_bayou_crossing
D:2:      layout_basic
D:3:      minmay_evil_eye, layout_rooms, mainiacjoe_overflow_chevrons,
          mainiacjoe_overflow_paths
D:4:      layout_loops_corners, serial_shops, shop, nicolae_shop_waterfront,
          shop, shop, serial_undead, serial_undead_f, serial_undead_b,
          serial_undead_b, serial_undead_e, minmay_ruptured, uniq_edmund,
          uniq_blork_the_orc
D:5:      layout_loops_ring, uniq_menkaure
D:6:      layout_cave_pods, minmay_temple_entry_glassed_door, uniq_maggie,
          uniq_crazy_yiuf_cottage
D:7:      layout_loops_cross, elyvilon_altar_3, serial_bayou,
          serial_bayou_shore_b, serial_bayou_lake_a, serial_bayou_pond_c,
          serial_bayou_lagoon_b, serial_bayou_shore_b
D:8:      layout_gridville, uniq_grum
D:9:      layout_basic, minivault_16
D:10:     layout_loops_ring, nicolae_overflow_hidden_temple,
          grunt_temple_overflow_open, due_lair_maze_entry_diamond, serial_shops,
          nicolae_shop_waterfront, grunt_ministairs_15
Temple:   oiseaux_autumnal_temple

Skill      XL: |  1  2  3  4  5  6  7  8  9 10 11 |
---------------+----------------------------------+-----
Long Blades    | 4 |  4.8
Fighting       | 3 4 5 8 |  8.4
Conjurations   | 1 3 |  3.1
Earth Magic    | 1 3 5 6 |  6.2
Spellcasting   | 3 4 6 7 |  7.0
Dodging        | 4 5 6 7 |  7.3
Invocations    | 2 7 |  7.2
Shields        | 1 4 |  4.0
Throwing       | |  2.0

Action                   |  1- 3 |  4- 6 |  7- 9 | 10-12 || total
-------------------------+-------+-------+-------+-------++-------
Melee: Long sword        |    70 |    69 |       |       ||   139
       Tentacles         |    12 |    30 |     9 |     4 ||    55
       Constrict         |    13 |    31 |    17 |     2 ||    63
       Punch             |       |     1 |     1 |       ||     2
       Rapier            |       |    63 |    45 |       ||   108
       Morningstar       |       |       |     8 |    26 ||    34
Throw: Throwing net      |     1 |     6 |       |       ||     7
 Cast: Stone Arrow       |       |     1 |   142 |   152 ||   295
Invok: Draw Summoning    |       |       |       |     2 ||     2
       Draw Destruction  |       |       |       |     1 ||     1
Evoke: Wand              |       |       |       |     4 ||     4
  Use: Potion            |       |     3 |       |     2 ||     5
       Scroll            |       |     1 |     7 |     4 ||    12
 Stab: Sleeping          |    10 |     3 |     3 |       ||    16
       Distracted        |     1 |       |       |       ||     1
       Held in net/web   |       |     1 |       |       ||     1
Armor: Skin              |     5 |     7 |     5 |    11 ||    28
Dodge: Dodged            |    31 |    87 |    44 |    84 ||   246
Block: Buckler           |       |       |       |    15 ||    15

Table legend: (Time is in decaauts)
 A = Elapsed time spent in this place.
 B = Non-inter-level travel time spent in this place.
 C = Inter-level travel time spent in this place.
 D = Time resting spent in this place.
 E = Time spent auto-exploring this place.
 F = Levels seen in this place.
 G = Mean time per level.
                   A        B        C        D        E       F      G
               +--------+--------+--------+--------+--------+-----+--------+
         Total |  14198 |  12825 |   1373 |   3765 |   6443 |  11 | 1290.7 |
       Dungeon |  13957 |  12630 |   1327 |   3765 |   6281 |  10 | 1395.7 |
        Temple |    241 |    195 |     46 |      0 |    162 |   1 |  241.0 |
               +--------+--------+--------+--------+--------+-----+--------+

Top non-repeatable levels by time:
     D:8: 2411 daAuts
     D:6: 2175 daAuts
     D:7: 1963 daAuts
     D:4: 1643 daAuts
     D:9: 1398 daAuts
     D:5: 1016 daAuts
     D:2: 962 daAuts
    D:10: 896 daAuts
     D:3: 878 daAuts
     D:1: 610 daAuts
  Temple: 241 daAuts
